 Dungeon Crawl Stone Soup version 0.25.0-65-g31bcc41 (webtiles) character file.

45 Dorkslayer the Skirmisher (level 3, -2/24 HPs)
             Began as a Gargoyle Fighter on Nov 3, 2020.
             Slain by an ogre
             ... wielding a +0 giant club
              (16 damage)
             ... on level 1 of the Dungeon.
             The game lasted 00:00:45 (65 turns).

Dorkslayer the Skirmisher (Gargoyle Fighter)          Turns: 65, Time: 00:00:46

Health: -2/24      AC: 10    Str: 25    XL:     3   Next: 64%
Magic:  3/3        EV:  7    Int:  8    God:
Gold:   19         SH:  9    Dex:  9    Spells: 2/2 levels left

rFire    . . .     SeeInvis .   a - +0 long sword
rCold    . . .     Gourm    .   c - +0 shield
rNeg     + . .     Faith    .   b - +0 scale mail
rPois    ∞         Spirit   .   (no helmet)
rElec    +         Reflect  .   (no cloak)
rCorr    .         Harm     .   (no gloves)
MR       .....                  (no boots)
Stlth    ..........             (no amulet)
HPRegen  0.08/turn              e - ring of attention (curse)
MPRegen  0.08/turn              (no ring)

@: mighty
A: negative energy resistance 1, electricity resistance, unbreathing,
petrification resistance, rot immunity, AC +3
a: no special abilities


You were on level 1 of the Dungeon.
You were not hungry.

You visited 1 branch of the dungeon, and saw 1 of its levels.

You collected 19 gold pieces.

Inventory:

Hand Weapons
 a - a +0 long sword (weapon)
Armour
 b - a +0 scale mail (worn)
 c - a +0 shield (worn)
Jewellery
 e - a cursed ring of attention (left hand)
Potions
 g - a potion of curing {unknown}
 h - a potion of heal wounds {unknown}
Comestibles
 f - a ration


   Skills:
 + Level 3.8 Fighting
 + Level 2.1 Long Blades
 + Level 3.7 Armour
 + Level 0.1 Dodging
 + Level 3.8 Shields


You had 2 spell levels left.
You didn't know any spells.
Your spell library was empty.

Dungeon Overview and Level Annotations

Branches:
Dungeon (1/3)
 Temple: D:1

Altars:
Hepliaklqana
Sif Muna
Trog
Vehumet
Yredelemnul


Innate Abilities, Weirdness & Mutations

You are resistant to torment.
Your stone body is resilient. (AC +3)
You are immune to poison.
You resist negative energy. (rN+)
You are resistant to electric shocks. (rElec)
You can survive without breathing.
You are immune to petrification.
You are immune to rotting.


Message History

g - a pink potion
Found 14 gold pieces.
Found a spear.
Found a hazy altar of Hepliaklqana.
Found a scroll labeled PEIZIPT ZETICHEAHU.
Found a bloodstained altar of Trog and a basalt altar of Yredelemnul.
An ogre comes into view. It is wielding a +0 giant club.
The ogre shouts!
Found a pink potion.
You see here a metallic puce potion.
h - a metallic puce potion You feel very mighty all of a sudden.
Found a club.
You slash the ogre!
The ogre is heavily wounded.
The ogre hits you with a +0 giant club!
You slash the ogre!
The ogre is almost dead.
The ogre hits you with a +0 giant club!
Ouch! That really hurt!
You die...

...≈≈≈≈≈.≈≈≈
####..)###...≈≈≈≈≈≈.≈≈≈
.........!.≈≈≈8≈≈.≈≈≈≈
##._..._....≈≈≈≈≈.≈≈≈≈≈
#....?......≈≈≈≈≈.≈≈≈≈≈
#._..⌠..)...≈≈≈≈≈.≈≈≈≈≈
#.........#.≈≈≈≈≈≈[.>≈≈
##....O_.#..≈≈≈≈≈≈≈<..≈
##...._@.....≈≈≈≈≈≈≈≈≈≈.
............!≈≈≈≈≈≈≈≈≈≈.
.............≈≈≈≈≈≈≈≈≈≈.
.............≈≈≈8≈≈≈≈≈.≈
..............≈≈≈≈≈≈≈.≈≈
..............#≈≈≈≈≈≈.≈≈
...........)..##≈≈≈≈≈≈.≈
#................#####..
#.............##........


You could see an ogre.

Vanquished Creatures
  An adder (D:1)
1 creature vanquished.

Notes
Turn   | Place    | Note
-------+----------+-------------------------------------------
     0 | D:1      | Dorkslayer the Gargoyle Fighter began the quest for the
                  | Orb.
     0 | D:1      | Reached XP level 1. HP: 14/14 MP: 1/1
    33 | D:1      | Reached XP level 2. HP: 17/20 MP: 2/2
    33 | D:1      | Reached XP level 3. HP: 21/24 MP: 3/3
    46 | D:1      | Found a deep blue altar of Sif Muna.
    48 | D:1      | Found a radiant altar of Vehumet.
    56 | D:1      | Found a hazy altar of Hepliaklqana.
    58 | D:1      | Found a bloodstained altar of Trog.
    58 | D:1      | Found a basalt altar of Yredelemnul.
    59 | D:1      | Noticed an ogre
    65 | D:1      | Slain by an ogre

Skill      XL: |  1 |
---------------+----+-----
Long Blades    | 2 |  2.1
Fighting       | |  3.8
Armour         | |  3.7
Dodging        | |  0.1
Shields        | |  3.8

Action                   || total
-------------------------++-------
Melee: Long sword        ||    16
  Use: Potion            ||     1
Armor: Scale mail        ||    12
Dodge: Dodged            ||     3
Block: Shield            ||    11
       Rpst.: Long sword ||     2
